 Dungeon Crawl Stone Soup version 0.31-a0-664-g902f515a81 (webtiles) character file.

Game seed: 16617566200142676256

238 sampeng1 the Trooper (level 6, 0/48 HPs)
             Began as a Human Fighter on Sept 1, 2023.
             Slain by a water moccasin (3 damage)
             ... on level 3 of the Dungeon on Sept 2, 2023.
             The game lasted 00:04:49 (1889 turns).

sampeng1 the Trooper (Human Fighter)                Turns: 1889, Time: 00:04:49

Health: 0/48       AC:  8    Str: 18    XL:     6   Next: 28%
Magic:  6/6        EV: 10    Int:  8    God:
Gold:   121        SH:  6    Dex: 13    Spells: 5/5 levels left

rFire   . . .        a - +0 war axe
rCold   . . .        c - +1 buckler
rNeg    . . .        b - +0 scale mail
rPois   .            (no helmet)
rElec   .            (no cloak)
rCorr   .            (no gloves)
SInv    .            m - +0 pair of boots
Will    .....        (no amulet) Stlth
                     (no ring)
HPRegen 0.28/turn    (no ring)
MPRegen 0.10/turn

%: no passive effects
@: lethally poisoned (0 -> -15)
A: no striking features
a: no special abilities


You were on level 3 of the Dungeon.
You visited 1 branch of the dungeon, and saw 3 of its levels.

You collected 121 gold pieces.

Inventory:

Hand Weapons
 a - a +0 war axe (weapon)
Missiles
 j - 2 boomerangs (quivered)
 l - 9 poisoned darts
Armour
 b - a +0 scale mail (worn)
 c - a +1 buckler (worn)
 m - a +0 pair of boots (worn)
Scrolls
 e - a scroll of summoning {unknown}
 f - 2 scrolls of immolation
 k - a scroll of teleportation {unknown}
 o - a scroll of vulnerability {unknown}
Potions
 d - a potion of might
 g - a potion of lignification {unknown}
 h - 3 potions of curing
 i - a potion of brilliance
 n - 2 potions of ambrosia {unknown}
 p - 2 potions of mutation {unknown}


   Skills:
 + Level 3.9 Fighting
 + Level 3.2 Axes
 + Level 3.9 Armour
 + Level 2.3 Dodging
 + Level 3.9 Shields


You had 5 spell levels left.
You didn't know any spells.
Your spell library contained the following spells:

 Spells                   Type           Power      Damage    Failure   Level
 Gell's Gravitas          Tloc           0%         N/A       99%         3
 Teleport Other           Tloc           0%         N/A       99%         3
 Dispersal                Tloc           0%         N/A       100%        6


Dungeon Overview and Level Annotations

Branches:
Dungeon (3/15)

Altars:


Message History

You closely miss the water moccasin.
The water moccasin is heavily wounded.
You feel very sick. The water moccasin bites you.
You are more poisoned.
The water moccasin poisons you!
The water moccasin bites you but does no damage.
You closely miss the water moccasin.
The water moccasin is heavily wounded.
You feel very sick. The water moccasin bites you!
A goblin comes into view. It is wielding a +0 club.
The water moccasin bites you.
The goblin moves out of view.
You barely miss the water moccasin.
The water moccasin is heavily wounded.
You feel very sick. The water moccasin bites you.
* * * LOW HITPOINT WARNING * * *
You block the water moccasin's attack.
You closely miss the water moccasin.
The water moccasin is heavily wounded.
You feel sick.
The goblin shouts!
The water moccasin bites you but does no damage.
You block the water moccasin's attack.
You closely miss the water moccasin.
The water moccasin is heavily wounded.
You feel sick. The water moccasin misses you.
A ball python comes into view.
You block the water moccasin's attack.
The ball python hisses angrily.
You slash the water moccasin!
The water moccasin is severely wounded.
You feel sick. The water moccasin bites you.
* * * LOW HITPOINT WARNING * * *
You are lethally poisoned!
The water moccasin poisons you!
A goblin comes into view. It is wielding a +0 dagger.
The water moccasin bites you.
You die...

############
..........>.
#.#################.####
#.S.g.S@$...............
g.....#######...########
.#### #+### ........#
#.......#


You could see a water moccasin, 2 goblins and a ball python.

Vanquished Creatures
  Sigmund (D:2)
  A gnoll (D:2)
  2 adders
  A worm (D:2)
  A dart slug (D:2)
  6 ball pythons
  2 bats (D:2)
  4 endoplasms
  A giant cockroach (D:3)
  4 goblins
  2 hobgoblins
  5 quokkas (D:1)
  A frilled lizard (D:2)
  4 kobolds
  8 rats
43 creatures vanquished.

Notes
Turn   | Place    | Note
-------+----------+-------------------------------------------
     0 | D:1      | sampeng1 the Human Fighter began the quest for the Orb.
     0 | D:1      | Reached XP level 1. HP: 18/18 MP: 1/1
   151 | D:1      | Reached XP level 2. HP: 24/24 MP: 2/2
   414 | D:1      | Reached XP level 3. HP: 26/29 MP: 3/3
   601 | D:1      | Reached skill level 1 in Dodging
   750 | D:2      | Upgraded the game from 0.31-a0-662-g684573625c to
                  | 0.31-a0-664-g902f515a81
  1058 | D:2      | Reached XP level 4. HP: 33/35 MP: 4/4
  1147 | D:2      | Noticed Sigmund
  1183 | D:2      | Killed Sigmund
  1184 | D:2      | Reached XP level 5. HP: 11/42 MP: 5/5
  1184 | D:2      | Reached XP level 6. HP: 13/48 MP: 6/6
  1879 | D:3      | Noticed a water moccasin
  1889 | D:3      | Slain by a water moccasin

Illustrated notes

Levels and vault maps discovered:
D:1:      dpeg_arrival_erosion, layout_basic, chequers_mini_garden
D:2:      layout_loops_ring, minmay_3d_cube, uniq_sigmund
D:3:      layout_basic, guppyfry_early_orc_mine

Skill      XL: |  1  2  3  4 |
---------------+-------------+-----
Dodging        | 1 2 |  2.3
Axes           | 3 |  3.2
Fighting       | |  3.9
Armour         | |  3.9
Shields        | |  3.9

Action                     |  1- 3 |  4- 6 || total
---------------------------+-------+-------++-------
  Melee: War axe           |    69 |    55 ||   124
    Use: Potion            |     3 |     2 ||     5
         Scroll            |     3 |       ||     3
   Stab: Distracted        |       |     1 ||     1
 Armour: Scale mail        |    58 |    51 ||   109
  Dodge: Dodged            |    26 |    23 ||    49
  Block: Buckler           |    14 |    17 ||    31

Table legend: (Time is in decaauts)
 A = Elapsed time spent in this place.
 B = Non-inter-level travel time spent in this place.
 C = Inter-level travel time spent in this place.
 D = Time resting spent in this place.
 E = Time spent auto-exploring this place.
 F = Levels seen in this place.
 G = Mean time per level.
                   A        B        C        D        E       F      G
               +--------+--------+--------+--------+--------+-----+--------+
         Total |   1925 |   1882 |     43 |      0 |   1446 |   3 |  641.7 |
       Dungeon |   1925 |   1882 |     43 |      0 |   1446 |   3 |  641.7 |
               +--------+--------+--------+--------+--------+-----+--------+

Top non-repeatable levels by time:
     D:2: 936 daAuts
     D:1: 761 daAuts
     D:3: 227 daAuts
